 Dungeon Sprint DCSS version 0.31-a0-662-g684573625c (webtiles) character file.

Game seed: 18392099048445343215

20495 sircluck the Brawler (level 12, -10/219 HPs)
             Began as a Troll Berserker on Sept 2, 2023.
             Was a High Priest of Trog.
             Mangled by the 27-headed Lernaean hydra (11 damage)
             ... in the Dungeon (Sprint I: "Red Sonja").
             The game lasted 00:14:32 (2293 turns).

sircluck the Brawler (Troll Berserker)              Turns: 2293, Time: 00:14:32

Health: -10/219    AC:  6    Str: 31    XL:     12   Next: 45%
Magic:  2/2        EV: 28    Int: 12    God:    Trog [*****.]
Gold:   1583       SH:  0    Dex: 15    Spells: 11/11 levels left

rFire   + .          .
                       - Unarmed
rCold   . . .        (no shield)
rNeg    . . .        i - +1 robe
rPois   .            (helmet restricted)
rElec   .            j - +0 cloak
rCorr   +            (gloves unavailable)
SInv    +            (boots unavailable)
Will    .....        x - amulet "Xuijaw" {Faith rF- Regen+ MP-9 Int+9} Stlth
                     I - ring of the Hare {EV+10}
HPRegen 2.16/turn    z - ring "Wonyiloz" {rF++ rCorr Str+3 Dex+6 SInv}
MPRegen 0.08/turn

%: no teleportation, faith
@: berserking, very quick
A: large, unfitting armour, claws 3, regeneration 1, shaggy fur 1, tough skin 1,
screaming 1, weak 2, inability to read after injury 1
a: Renounce Religion, Berserk, Trog's Hand, Brothers in Arms


You were in the Dungeon.
You worshipped Trog.
Trog was extremely pleased with you.
You visited 1 branch You collected 4466 gold pieces.
You spent 2883 gold pieces at shops.

Inventory:

Hand Weapons
 J - a +0 spear
Missiles
 k - 2 curare-tipped darts
 n - 15 stones
Armour
 a - a +0 animal skin
 i - a +1 robe (worn)
 j - a +0 cloak (worn)
 m - a scarf of repulsion
 D - +0 gold dragon scales
Jewellery
 l - a ring of ice
 q - a +5 ring of evasion
 r - a ring of magical power
 x - the amulet "Xuijaw" (around neck) {Faith rF- Regen+ MP-9 Int+9}
   (You bought it in a shop in the Dungeon)

   [amulet of faith]

   Faith:     It allows you to gain divine favour quickly.
   Int+9:     It affects your intelligence (+9).
   rF-:       It makes you vulnerable to fire.
   MP-9:      It affects your magic capacity (-9).
   Regen+:    It increases your rate of health regeneration.
 z - the ring "Wonyiloz" (right claw) {rF++ rCorr Str+3 Dex+6 SInv}
   (You bought it in a shop in the Dungeon)

   [ring of dexterity]

   Str+3:     It affects your strength (+3).
   Dex+6:     It affects your dexterity (+6).
   rF++:      It greatly protects you from fire.
   SInv:      It lets you see invisible.
   rCorr:     It protects you from acid and corrosion.
 E - the amulet "Pixof" {Faith Dex+4}
   (You found it in the Dungeon)

   [amulet of faith]

   Faith:     It allows you to gain divine favour quickly.
   Dex+4:     It affects your dexterity (+4).
 H - a +4 ring of slaying
 I - the ring of the Hare (left claw) {EV+10}
   (You found it in the Dungeon)

   [ring of evasion]

   EV+10:     It affects your evasion (+10).
Wands
 h - a wand of flame (7)
 C - a wand of acid (13)
 G - a wand of roots (5)
Scrolls
 y - a scroll of revelation
Potions
 b - 4 potions of curing
 c - 2 potions of heal wounds
 d - a potion of haste
 e - 2 potions of magic
 f - a potion of berserk rage
 o - a potion of attraction
 p - a potion of enlightenment
 t - a potion of cancellation
 w - a potion of might {unknown}
Miscellaneous
 u - a phantom mirror (inert)
 B - a box of beasts


   Skills:
 + Level 16.4 Fighting
 + Level 16.1 Dodging
 + Level 18.9 Unarmed Combat


You had 11 spell levels left.
You didn't know any spells.
Your spell library was empty.

Dungeon Overview and Level Annotations

Branches:
Dungeon (1/1)

Altars:
Cheibriados
Dithmenos
Elyvilon
Fedhas
Gozag
Hepliaklqana
Kikubaaqudgha
Makhleb
Nemelex Xobeh
Okawaru
Qazlal
Ru
Sif Muna
Trog
Uskayaw
Vehumet
Wu Jian
Xom
Yredelemnul
Zin
The Shining One
Jiyva
Lugonu

Shops:
D ([=[[!**([=**??!(=[[[=

Annotations:
D Lernaean hydra


Innate Abilities, Weirdness & Mutations

You are too large for most types of armour.
You have claws for hands.
Your natural rate of healing is unusually fast.
You are covered in fur. (AC +1)
You have tough skin. (AC +1)
You occasionally shout uncontrollably at your foes.
You are very weak. (Str -4)
You occasionally lose the ability to read scrolls when taking damage.


Message History

Your 27-headed Lernaean hydra barely misses the 27-headed Lernaean hydra. x2
Your 27-headed Lernaean hydra bites the 27-headed Lernaean hydra.
Your 27-headed Lernaean hydra bites the 27-headed Lernaean hydra!
Your 27-headed Lernaean hydra bites the 27-headed Lernaean hydra.
Your 27-headed Lernaean hydra barely misses the 27-headed Lernaean hydra.
The 27-headed Lernaean hydra bites your 27-headed Lernaean hydra! x2
The 27-headed Lernaean hydra bites your 27-headed Lernaean hydra.
The 27-headed Lernaean hydra bites your 27-headed Lernaean hydra! x8
The 27-headed Lernaean hydra bites your 27-headed Lernaean hydra.
The 27-headed Lernaean hydra bites your 27-headed Lernaean hydra!!
Your 27-headed Lernaean hydra dies!
Your 27-headed Lernaean hydra's corpse shimmers and vanishes!
The 27-headed Lernaean hydra roars deafeningly!
You see here a +1 antimagic trident.
A red film seems to cover your vision as you go berserk!
You feel yourself moving faster!
You feel mighty! The 27-headed Lernaean hydra bites you!
* * * LOW HITPOINT WARNING * * *
The 27-headed Lernaean hydra bites you!
* * * LOW HITPOINT WARNING * * *
The 27-headed Lernaean hydra completely misses you.
The 27-headed Lernaean hydra bites you but does no damage.
The 27-headed Lernaean hydra bites you.
* * * LOW HITPOINT WARNING * * *
The 27-headed Lernaean hydra barely misses you.
The 27-headed Lernaean hydra bites you.
* * * LOW HITPOINT WARNING * * *
The 27-headed Lernaean hydra bites you.
* * * LOW HITPOINT WARNING * * *
The 27-headed Lernaean hydra misses you.
The 27-headed Lernaean hydra bites you!
* * * LOW HITPOINT WARNING * * *
The 27-headed Lernaean hydra barely misses you.
The 27-headed Lernaean hydra closely misses you.
The 27-headed Lernaean hydra bites you!
* * * LOW HITPOINT WARNING * * *
The 27-headed Lernaean hydra barely misses you.
The 27-headed Lernaean hydra completely misses you. x2
The 27-headed Lernaean hydra bites you!
You die...

#############################****
..#..#§..§§.§§§§@D§§#..'....#,,,,
))##'#.####§§§§§##§.'))#....##,,,
..'.§#§#)###§.§#######'#§§:§.####
###..'§#'#.###§#..|##§÷#..§§§#...
.##+####...#y#.##...#..##§§..#)∩)
.#○)°○.#...###..###.#..≈###'##...
.#°○..○'.....##.#A#.#..≈..#.####'
'###○°.#.....#..###.#..≈.##§#.§.§
.'.#...###++##.##...#..≈##..§..§.


You could see the 27-headed Lernaean hydra.

Vanquished Creatures
  A golden dragon (D)
  A shadow dragon (D)
  A lorocyproca (D)
  A deep elf annihilator (D)
  A hydra (D)
  2 centaur warriors (D)
  4 demonic crawlers (D)
  Sonja (D)
  A deep troll (D)
  A lindwurm (D)
  An oklob plant (D)
  A shining eye (D)
  A merfolk siren (D)
  7 unseen horrors (D)
  A gargoyle (D)
  2 kobold demonologists (D)
  A hellwing (D)
  4 hornets (D)
  Sigmund (D)
  A slime creature (D)
  A yak (D)
  13 hogs (D)
  2 redbacks (D)
  4 floating eyes (D)
  An ogre (D)
  7 necrophages (D)
  8 jellies (D)
  Ijyb (D)
71 creatures vanquished.

Vanquished Creatures (collateral kills)
  7 shining eyes (D)
  3 floating eyes (D)
10 creatures vanquished.

Vanquished Creatures (others)
  A merfolk siren (D)
  A hornet (D)
  2 ballistomycete spores (D)
4 creatures vanquished.

Grand Total: 85 creatures vanquished

Notes
Turn   | Place    | Note
-------+----------+-------------------------------------------
     0 | D        | sircluck the Troll Berserker began the quest for the Orb.
     0 | D        | Reached XP level 1. HP: 22/22 MP: 0/0
     1 | D        | Noticed Ijyb
    25 | D        | Killed Ijyb
    26 | D        | Reached skill level 4 in Unarmed Combat
    26 | D        | Reached XP level 2. HP: 12/32 MP: 1/1
    46 | D        | Noticed an ogre
    50 | D        | Killed an ogre
    51 | D        | Reached skill level 5 in Fighting
    51 | D        | Reached skill level 6 in Unarmed Combat
    51 | D        | Reached XP level 3. HP: 42/42 MP: 2/2
    51 | D        | Reached XP level 4. HP: 50/50 MP: 3/3
    63 | D        | Noticed Sigmund
    71 | D        | Killed Sigmund
    71 | D        | Reached ** piety under Trog
    72 | D        | Reached skill level 7 in Unarmed Combat
    72 | D        | Reached XP level 5. HP: 49/61 MP: 4/4
    72 | D        | Reached XP level 6. HP: 55/68 MP: 5/5
    96 | D        | Found an ornate altar of the Wu Jian Council.
    96 | D        | Found a shimmering blue altar of Sif Muna.
    98 | D        | Found a radiant altar of Vehumet.
   105 | D        | Reached skill level 8 in Unarmed Combat
   134 | D        | Found Honues's Antique Armour Emporium.
   134 | D        | Found an ancient bone altar of Kikubaaqudgha.
   134 | D        | Found a hazy altar of Hepliaklqana.
   134 | D        | Found a stormy altar of Qazlal.
   134 | D        | Found a hide-covered altar of Uskayaw.
   134 | D        | Found a blossoming altar of Fedhas.
   134 | D        | Found a bloodstained altar of Trog.
   134 | D        | Found an iron altar of Okawaru.
   134 | D        | Found a basalt altar of Yredelemnul.
   134 | D        | Found a glowing golden altar of the Shining One.
   134 | D        | Found a snail-covered altar of Cheibriados.
   134 | D        | Found a sacrificial altar of Ru.
   134 | D        | Found a glowing silver altar of Zin.
   134 | D        | Found a shadowy altar of Dithmenos.
   134 | D        | Found a white marble altar of Elyvilon.
   134 | D        | Noticed a yak
   136 | D        | Killed a yak
   137 | D        | Found an opulent altar of Gozag.
   138 | D        | Found a sparkling altar of Nemelex Xobeh.
   142 | D        | Bought a cloak for 90 gold pieces
   158 | D        | Found a burning altar of Makhleb.
   158 | D        | Found a viscous altar of Jiyva.
   158 | D        | Found a shimmering altar of Xom.
   158 | D        | Found a corrupted altar of Lugonu.
   158 | D        | Noticed a slime creature
   164 | D        | Killed a slime creature
   164 | D        | Reached *** piety under Trog
   165 | D        | Reached skill level 9 in Unarmed Combat
   165 | D        | Reached XP level 7. HP: 80/80 MP: 6/6
   180 | D        | Noticed a kobold demonologist
   180 | D        | Noticed a kobold demonologist
   182 | D        | Noticed a soul eater
   187 | D        | Killed a kobold demonologist
   188 | D        | Reached skill level 10 in Unarmed Combat
   191 | D        | Killed a kobold demonologist
   191 | D        | Reached **** piety under Trog
   192 | D        | Reached skill level 11 in Unarmed Combat
   192 | D        | Reached XP level 8. HP: 92/92 MP: 7/7
   209 | D        | Noticed Sonja
   216 | D        | Killed Sonja
   217 | D        | Reached skill level 10 in Fighting
   217 | D        | Reached skill level 10 in Dodging
   290 | D        | Noticed a deep troll
   296 | D        | Killed a deep troll
   296 | D        | Reached ***** piety under Trog
   297 | D        | Reached skill level 12 in Unarmed Combat
   297 | D        | Reached XP level 9. HP: 63/102 MP: 8/8
   307 | D        | Found Cisenel's Armour Emporium.
   311 | D        | Bought a scarf of repulsion for 132 gold pieces
   341 | D        | Noticed a centaur warrior
   341 | D        | Noticed a centaur warrior
   348 | D        | Killed a centaur warrior
   349 | D        | Reached skill level 13 in Unarmed Combat
   351 | D        | Killed a centaur warrior
   449 | D        | Paralysed by a hornet for 3 turns
   453 | D        | Received a gift from Trog
   532 | D        | Noticed an oklob plant
   537 | D        | Killed an oklob plant
   538 | D        | Reached XP level 10. HP: 72/115 MP: 9/9
   582 | D        | Reached skill level 14 in Unarmed Combat
   679 | D        | Received a gift from Trog
   699 | D        | Received a gift from Trog
   841 | D        | Found Felyvej's Jewellery Boutique.
   841 | D        | Found Fumut's Armour Emporium.
   841 | D        | Found Cosod's Antique Armour Emporium.
   843 | D        | Found Tuiju's Weapon Boutique.
   843 | D        | Found Pene Fim's Distillery.
   843 | D        | Found Rohusiv's Magic Scroll Shop.
   843 | D        | Found Myrphach's Magic Scroll Emporium.
   843 | D        | Found Ikhla Soz's General Store.
   843 | D        | Found Damnenn's General Store.
   843 | D        | Found Fuosasefa's Jewellery Shop.
   844 | D        | Bought the amulet "Xuijaw" {Faith rF- Regen+ MP-9 Int+9}
                  | for 520 gold pieces
   846 | D        | Found Vethesui's Antique Armour Emporium.
   847 | D        | Found Gehalywi's Weapon Boutique.
   847 | D        | Found Icwogg's Assorted Antiques.
   848 | D        | Found Vujuopp's Assorted Antiques.
   852 | D        | Bought a scroll of revelation for 75 gold pieces
   858 | D        | Bought the ring "Wonyiloz" {rF++ rCorr Str+3 Dex+6 SInv}
                  | for 919 gold pieces
   903 | D        | Found Agrezega's Weapon Boutique.
   972 | D        | Noticed a fire giant
   972 | D        | Noticed a fire giant
   972 | D        | Noticed a fire giant
   972 | D        | Noticed a fire giant
  1009 | D        | Noticed a shining eye
  1009 | D        | Noticed a shining eye
  1009 | D        | Noticed a shining eye
  1009 | D        | Gained mutation: You are weak. (Str -2) [a shining eye]
  1010 | D        | Received a gift from Trog
  1013 | D        | Noticed a shining eye
  1013 | D        | Killed a shining eye
  1014 | D        | Reached skill level 15 in Unarmed Combat
  1015 | D        | Gained mutation: You occasionally shout uncontrollably at
                  | your foes. [a shining eye]
  1015 | D        | Killed a shining eye
  1016 | D        | Gained mutation: You occasionally lose the ability to read
                  | scrolls when taking damage. [a shining eye]
  1017 | D        | Killed a shining eye
  1018 | D        | Noticed a shining eye
  1018 | D        | Noticed a shining eye
  1018 | D        | Killed a shining eye
  1018 | D        | Received a gift from Trog
  1018 | D        | Paralysed by a floating eye for 2 turns
  1019 | D        | Killed a shining eye
  1020 | D        | Reached XP level 11. HP: 127/127 MP: 1/10
  1020 | D        | Noticed a shining eye
  1020 | D        | Noticed a shining eye
  1023 | D        | Killed a shining eye
  1025 | D        | Gained mutation: You are very weak. (Str -4) [a shining
                  | eye]
  1026 | D        | Killed a shining eye
  1027 | D        | Reached skill level 16 in Unarmed Combat
  1029 | D        | Killed a shining eye
  1029 | D        | Reached ****** piety under Trog
  1032 | D        | Found Synu's Antique Armour Shoppe.
  1032 | D        | Found Zecs's Armour Shop.
  1032 | D        | Found Iqorimu's Jewellery Emporium.
  1032 | D        | Found Pofomyit's Distillery.
  1099 | D        | Noticed a demonic crawler
  1099 | D        | Noticed a demonic crawler
  1099 | D        | Noticed a demonic crawler
  1099 | D        | Noticed a demonic crawler
  1101 | D        | Killed a demonic crawler
  1101 | D        | Received a gift from Trog
  1103 | D        | Killed a demonic crawler
  1106 | D        | Killed a demonic crawler
  1110 | D        | Killed a demonic crawler
  1131 | D        | Noticed a lindwurm
  1141 | D        | Killed a lindwurm
  1156 | D        | Reached skill level 17 in Unarmed Combat
  1186 | D        | Noticed a lorocyproca
  1202 | D        | Killed a lorocyproca
  1202 | D        | Received a gift from Trog
  1381 | D        | Reached skill level 15 in Fighting
  1392 | D        | Reached skill level 15 in Dodging
  1396 | D        | Received a gift from Trog
  1409 | D        | Noticed a daeva
  1429 | D        | Reached XP level 12. HP: 88/143 MP: 2/11
  1430 | D        | Reached skill level 18 in Unarmed Combat
  1548 | D        | Noticed a 12-headed hydra
  1550 | D        | Killed a 13-headed hydra
  1550 | D        | Received a gift from Trog
  1634 | D        | Noticed a shadow dragon
  1640 | D        | Noticed a golden dragon
  1649 | D        | Killed a shadow dragon
  1652 | D        | Killed a golden dragon
  1656 | D        | Identified the amulet "Pixof" {Faith Dex+4}
  1722 | D        | Found Qaigir's Jewellery Shoppe.
  1741 | D        | Bought a +4 ring of slaying for 1092 gold pieces
  1900 | D        | Noticed a deep elf annihilator
  1919 | D        | Killed a deep elf annihilator
  1919 | D        | Received a gift from Trog
  2199 | D        | Bought a potion of enlightenment for 55 gold pieces
  2267 | D        | Noticed the 27-headed Lernaean hydra
  2293 | D        | HP: 1/219 [the 27-headed Lernaean hydra (14)]
  2293 | D        | Mangled by the 27-headed Lernaean hydra

Illustrated notes

Levels and vault maps discovered:
D:        dungeon_sprint_1 [red_sonja_temple_1, red_sonja_temple_small_1]

Skill      XL: |  1  2  3  4  5  6  7  8  9 10 11 12 |
---------------+-------------------------------------+-----
Fighting       | 3 5 6 8 9 10 12 13 15 16 | 16.4
Dodging        | 3 4 6 8 9 10 11 13 15 16 | 16.1
Unarmed Combat | 4 6 7 9 11 12 13 15 17 18 | 18.9

Action                     |  1- 3 |  4- 6 |  7- 9 | 10-12 || total
---------------------------+-------+-------+-------+-------++-------
  Melee: Unarmed           |    26 |    17 |    32 |   142 ||   217
         Punch             |     1 |     1 |     2 |    13 ||    17
 Invoke: Berserk           |       |       |     1 |     4 ||     5
         Brothers in Arms  |       |       |       |     6 ||     6
  Evoke: Wand              |     1 |     2 |     2 |     2 ||     7
         Phantom mirror    |       |       |       |     1 ||     1
    Use: Scroll            |       |       |       |     8 ||     8
         Potion            |       |       |       |     3 ||     3
 Armour: Animal skin       |    15 |     2 |       |       ||    17
         Robe              |       |     3 |    45 |   128 ||   176
  Dodge: Dodged            |     7 |     6 |    25 |   130 ||   168

Table legend: (Time is in decaauts)
 A = Elapsed time spent in this place.
 B = Non-inter-level travel time spent in this place.
 C = Inter-level travel time spent in this place.
 D = Time resting spent in this place.
 E = Time spent auto-exploring this place.
 F = Levels seen in this place.
 G = Mean time per level.
                   A        B        C        D        E       F      G
               +--------+--------+--------+--------+--------+-----+--------+
         Total |   2278 |   1868 |    410 |    572 |    116 |   1 | 2278.0 |
       Dungeon |   2278 |   1868 |    410 |    572 |    116 |   1 | 2278.0 |
               +--------+--------+--------+--------+--------+-----+--------+

Top non-repeatable levels by time:
       D: 2278 daAuts
